 Dungeon Crawl Stone Soup version 0.31-b1-18-g61460d1e46 (webtiles) character file.

Game seed: 1542192264896597122

2387 Sobieck the Fighter (level 9, -2/98 HPs)
             Began as an Oni Warper on Jan 16, 2024.
             Slain by an orc warrior
             ... wielding a +0 dire flail
              (14 damage)
             ... on level 7 of the Dungeon.
             The game lasted 00:13:02 (6770 turns).

Sobieck the Fighter (Oni Warper)                    Turns: 6770, Time: 00:13:02

Health: -2/98      AC:  4    Str: 21    XL:     9   Next: 46%
Magic:  17/17      EV: 10    Int: 14    God:
Gold:   385        SH:  0    Dex:  8    Spells: 19/19 levels left

rFire   . . .        i - +3 mace of the Mashing Jester {speed, rN+}
rCold   . . .        (no shield)
rNeg    + . .        c - +1 robe
rPois   .            (helmet restricted)
rElec   .            (no cloak)
rCorr   .            (gloves unavailable)
SInv    .            (boots unavailable)
Will    .....        (no amulet)
Stlth   +            (no ring)
HPRegen 0.36/turn    (no ring)
MPRegen 0.15/turn

%: no passive effects
@: no status effects
A: large, unfitting armour, horns 1, tough skin 1, double potion healing,
drunken brawling
a: no special abilities


You were on level 7 of the Dungeon.
You visited 1 branch of the dungeon, and saw 7 of its levels.

You collected 385 gold pieces.

Inventory:

Hand Weapons
 a - a +1 mace
 i - the +3 mace of the Mashing Jester (weapon) {speed, rN+}
   (You found it on level 7 of the Dungeon)

   rN+:       It protects you from negative energy.
 l - the +9 long sword of the Puffball {venom, rF++ Str+4 Stlth-}
   (You found it on level 3 of the Dungeon)

   Str+4:     It affects your strength (+4).
   rF++:      It greatly protects you from fire.
   Stlth-:    It makes you less stealthy.
 m - a +0 giant club
Missiles
 j - 58 stones (quivered)
 k - 8 poisoned darts
 t - 6 boomerangs
 K - 7 darts of dispersal
Armour
 c - a +1 robe (worn)
Jewellery
 q - a +4 ring of protection
Wands
 f - a wand of roots (7)
 V - a wand of flame (30)
Scrolls
 b - 2 scrolls of blinking
 d - 2 scrolls of poison
 e - 2 scrolls of fear
 o - a scroll of enchant weapon
 r - a scroll of amnesia
 T - a scroll of teleportation
Potions
 g - 2 potions of resistance
 h - a potion of cancellation {unknown}
 n - a potion of attraction {unknown}
 p - 2 potions of mutation {unknown}


   Skills:
 * Level 9.1 Fighting
 * Level 6.9 Maces & Flails
 - Level 2.0 Throwing
 - Level 4.0 Dodging
 + Level 5.8 Spellcasting
 + Level 5.2 Translocations


You had 19 spell levels left.
You didn't know any spells.
Your spell library contained the following spells:

 Spells                   Type           Power      Damage    Failure   Level
 Blink                    Tloc           36%        N/A       2%          2
 Lesser Beckoning         Tloc           36%        N/A       2%          2
 Gell's Gravitas          Tloc           18%        N/A       5%          3
 Teleport Other           Tloc           18%        N/A       5%          3
 Magic Dart               Conj           16%        1d3       16%         1
 Manifold Assault         Tloc           18%        N/A       19%         4
 Searing Ray              Conj           8%         2d4       24%         2
 Vhi's Electric Charge    Tloc/Air       22%        N/A       50%         4
 Fulminant Prism          Conj/Alch      2%         3d5       85%         4


Dungeon Overview and Level Annotations

Branches:
Dungeon (7/15)
 Temple: D:4-7

Altars:
Elyvilon
Uskayaw
Wu Jian
Zin

Annotations:
D:6 Edmund, Jeremiah


Innate Abilities, Weirdness & Mutations

You are too large for most types of armour.
You have a pair of small horns on your head.
You have tough skin. (AC +1)
You gain doubled healing and magic from potions.
Whenever you drink a healing potion, you attack all around you.


Message History

The orc warrior unwields a +0 dire flail.
The orc warrior wields a +0 orcbow.
The orc warrior shoots an arrow.
The arrow hits you!
Found a pair of boots.
Things that are here:
a +0 short sword; a +0 club; a +0 leather armour The orc warrior shoots an arrow.
The arrow hits you!
You see here 10 gold pieces.
The orc warrior unwields a +0 orcbow.
The orc warrior wields a +0 dire flail.
The orc warrior hits you with a +0 dire flail!
You hit the orc warrior but do no damage.
You hit the orc warrior.
The orc warrior is lightly wounded.
The orc warrior hits you with a +0 dire flail!
You sock the orc warrior!
You headbutt the orc warrior, but do no damage.
The orc warrior is heavily wounded.
The orc warrior hits you with a +0 dire flail!
You closely miss the orc warrior.
The orc warrior is heavily wounded.
You hit the orc warrior but do no damage.
You headbutt the orc warrior.
The orc warrior is heavily wounded.
The orc warrior hits you with a +0 dire flail!
* * * LOW HITPOINT WARNING * * *
You hit the orc warrior but do no damage.
Your headbutt misses the orc warrior.
The orc warrior is heavily wounded.
The orc warrior barely misses you.
You thump the orc warrior!
You headbutt the orc warrior, but do no damage.
The orc warrior is severely wounded.
The orc warrior barely misses you.
You hit the orc warrior. Your headbutt misses the orc warrior.
The orc warrior is almost dead.
You barely miss the orc warrior.
The orc warrior is almost dead.
The orc warrior hits you with a +0 dire flail.
* * * LOW HITPOINT WARNING * * *
You closely miss the orc warrior.
The orc warrior is almost dead.
The orc warrior hits you with a +0 dire flail!
* * * LOW HITPOINT WARNING * * *
You completely miss the orc warrior.
You headbutt the orc warrior, but do no damage.
The orc warrior is almost dead.
You barely miss the orc warrior.
The orc warrior is almost dead.
The orc warrior hits you with a +0 dire flail!
You die...

#..##.# #..##....
##.###.####.###.##
#..# #....#..##.##
#..######....##.##
###)...#
###..##...
#...##.# #..###..
##.)...#### #..#
#.. #.$.......
#..# #..
#.@..###.. .#.#
### #..o...# . ##
#).....# #
#......# #......#
#.[....# #......#
#......#


You could see an orc warrior.

Vanquished Creatures
  Duvessa (D:6)
  A water moccasin (D:5)
  A black bear (D:6)
  An ice beast (D:6)
  3 sky beasts
  2 ogres
  4 centaurs
  2 phantoms
  3 bullfrogs
  3 scorpions
  Dowan (D:6)
  3 hounds
  3 orc priests
  A jelly (D:5)
  A sleepcap (D:4)
  4 iguanas
  3 orc wizards (D:6)
  9 gnolls
  6 adders
  2 white imps (D:6)
  3 dart slugs
  3 ribbon worms
  15 orcs
  3 bats
  9 endoplasms
  6 giant cockroaches
  5 goblins
  7 hobgoblins
  11 kobolds
  2 quokkas (D:3)
  7 ball pythons
  A frilled lizard (D:2)
  7 rats
133 creatures vanquished.

Notes
Turn   | Place    | Note
-------+----------+-------------------------------------------
     0 | D:1      | Sobieck the Oni Warper began the quest for the Orb.
     0 | D:1      | Reached XP level 1. HP: 22/22 MP: 3/3
   144 | D:1      | Reached XP level 2. HP: 29/29 MP: 5/5
   237 | D:1      | Reached skill level 3 in Fighting
   316 | D:1      | Reached skill level 3 in Translocations
   329 | D:1      | Learned a level 2 spell: Blink
   492 | D:1      | Reached XP level 3. HP: 33/37 MP: 7/7
   952 | D:2      | Reached XP level 4. HP: 7/45 MP: 8/8
  1189 | D:2      | Found a glowing silver altar of Zin.
  1811 | D:2      | Reached skill level 3 in Spellcasting
  2050 | D:3      | Noticed a sky beast
  2512 | D:2      | Reached XP level 5. HP: 46/53 MP: 9/9
  2605 | D:3      | Killed a sky beast
  2606 | D:3      | Reached skill level 4 in Fighting
  2606 | D:3      | Reached skill level 3 in Maces & Flails
  2645 | D:3      | Reached XP level 6. HP: 50/62 MP: 11/11
  2718 | D:3      | Identified the +9 long sword of the Puffball {venom, rF++
                  | Str+4 Stlth-}
  3153 | D:4      | Reached skill level 3 in Dodging
  3550 | D:4      | Reached XP level 7. HP: 63/71 MP: 12/12
  3691 | D:4      | Reached skill level 5 in Fighting
  3955 | D:4      | Found a white marble altar of Elyvilon.
  4089 | D:4      | Found an ornate altar of the Wu Jian Council.
  4089 | D:4      | Found a hide-covered altar of Uskayaw.
  4145 | D:5      | Entered Level 5 of the Dungeon
  4619 | D:5      | Reached skill level 6 in Fighting
  4856 | D:5      | Reached XP level 8. HP: 73/83 MP: 14/14
  5185 | D:6      | Noticed Jeremiah
  5275 | D:6      | Reached skill level 7 in Fighting
  5724 | D:6      | Noticed Duvessa
  5735 | D:6      | Killed Duvessa
  5736 | D:6      | Reached skill level 6 in Maces & Flails
  5736 | D:6      | Reached XP level 9. HP: 81/96 MP: 16/16
  5736 | D:6      | Noticed Dowan
  5737 | D:6      | Reached skill level 8 in Fighting
  5740 | D:6      | Killed Dowan
  6051 | D:6      | Noticed Edmund
  6522 | D:7      | Reached skill level 9 in Fighting
  6679 | D:7      | Identified the +3 mace of the Mashing Jester {speed, rN+}
  6770 | D:7      | Slain by an orc warrior

Illustrated notes

Levels and vault maps discovered:
D:1:      wheals_arrival_shading, layout_loops_ring, roderic_roman_lattice
D:2:      cheibrodos_pilgrimage, layout_basic, basic_altar
D:3:      layout_rooms
D:4:      layout_basic, mainiacjoe_overflow_small_starburst,
          gammafunk_temple_overflow_wave, kennysheep_boxes
D:5:      layout_loops_ring, minmay_fractal_squares_gapless_5
D:6:      layout_rooms, uniq_jeremiah, uniq_duvessa, uniq_edmund
D:7:      layout_rooms, lemuel_temple_firewalk_b, ebering_ghost_disaster_area,
          uniq_maurice, uniq_prince_ribbit1

Skill      XL: |  1  2  3  4  5  6  7  8  9 |
---------------+----------------------------+-----
Fighting       | 3 4 6 7 9 |  9.1
Translocations | 3 4 5 |  5.2
Spellcasting   | 3 4 5 |  5.8
Throwing       | 2 |  2.0
Maces & Flails | 3 4 6 |  6.9
Dodging        | 3 4 |  4.0

Action                     |  1- 3 |  4- 6 |  7- 9 || total
---------------------------+-------+-------+-------++-------
  Melee: Mace              |    67 |    92 |    22 ||   181
         Headbutt          |     7 |    23 |    31 ||    61
         Punch             |       |     2 |     2 ||     4
         Long sword        |       |    49 |   145 ||   194
         Giant club        |       |       |     6 ||     6
    Use: Scroll            |       |     6 |     4 ||    10
         Potion            |       |       |     1 ||     1
   Stab: Sleeping          |     2 |       |       ||     2
 Armour: Robe              |    39 |   124 |   150 ||   313
  Dodge: Dodged            |    28 |    73 |   105 ||   206
